 Dungeon Crawl Stone Soup version 0.27.1-1-g398f81649c (webtiles) character file.

Game seed: 5753769295981113188

2499 Borgoz the Carver (level 9, -2/80 HPs)
             Began as a Minotaur Berserker on Sept 20, 2021.
             Was an Elder of Trog.
             Shot with a bolt by an orc warrior (22 damage)
             ... in a bailey.
             The game lasted 00:07:47 (5596 turns).

Borgoz the Carver (Minotaur Berserker)              Turns: 5596, Time: 00:07:48

Health: -2/80      AC:  9    Str: 23    XL:     9   Next: 28%
Magic:  8/8        EV: 13    Int:  4    God:    Trog [****..]
Gold:   263        SH:  0    Dex: 12    Spells: 8/8 levels left

rFire    . . .     SeeInvis .   u - +5 scimitar
rCold    . . .     Faith    .   (no shield)
rNeg     . . .     Spirit   .   h - +0 ring mail
rPois    .         Reflect  .   (helmet restricted)
rElec    .         Harm     .   (no cloak)
rCorr    .         Rampage  .   a - +0 pair of gloves
Will     ++...                  g - +0 pair of boots
Stlth    +.........             (no amulet)
HPRegen  1.23/turn              (no ring)
MPRegen  0.11/turn              (no ring)

@: strong-willed, regenerating
A: horns 2, retaliatory headbutt
a: Renounce Religion, Berserk, Trog's Hand, Brothers in Arms


You were in a bailey.
You worshipped Trog.
Trog was greatly pleased with you.
You visited 2 branches of the dungeon, and saw 8 of its levels.
You also visited: Bailey.

You collected 263 gold pieces.

Inventory:

Hand Weapons
 u - a +5 scimitar (weapon)
Armour
 a - a +0 pair of gloves (worn)
 g - a +0 pair of boots (worn)
 h - a +0 ring mail (worn)
Wands
 m - a wand of iceblast (6)
Scrolls
 d - a scroll of silence {unknown}
 f - 6 scrolls of identify {unknown}
 i - a scroll of magic mapping
 l - 2 scrolls of fear {unknown}
 o - a scroll of teleportation {unknown}
 p - a scroll of noise {unknown}
 r - a scroll of enchant weapon {unknown}
 t - a scroll of amnesia {unknown}
Potions
 b - a potion of mutation {unknown}
 c - 4 potions of magic {unknown}
 e - 2 potions of lignification {unknown}
 j - a potion of degeneration {unknown}
 k - 3 potions of curing {unknown}
 n - a potion of flight {unknown}
 q - a potion of heal wounds {unknown}


   Skills:
 + Level 7.7 Fighting
 * Level 10.2 Long Blades
 + Level 7.1 Armour
 + Level 6.4 Dodging


You had 8 spell levels left.
You didn't know any spells.
Your spell library was empty.

Dungeon Overview and Level Annotations

Branches:
Dungeon (7/15)             Temple (1/1) D:4          Bailey (1/1)

Altars:
Ashenzari
Dithmenos
Elyvilon
Gozag
Hepliaklqana
Kikubaaqudgha
Makhleb
Nemelex Xobeh
Okawaru
Qazlal
Ru
Sif Muna
Vehumet
Wu Jian
Xom
Zin
The Shining One


Innate Abilities, Weirdness & Mutations

You have a pair of horns on your head.
You reflexively headbutt those who attack you in melee.


Message History

The orc warrior is severely wounded.
The orc warrior shoots a bolt.
The bolt closely misses you.
The orc warrior shoots a bolt.
The bolt closely misses you.
Aiming: Iceblast
Press: ? - help, Shift-Dir - straight line, f/p - orc warrior
Aim: an orc warrior, wielding a +0 arbalest, wearing a +0 ring mail and quivering bolts (severely wounded)
The mass of ice explodes!
The iceblast engulfs the orc warrior!
You kill the orc warrior!
Trog accepts your kill.
The orc warrior shoots a bolt.
The bolt hits you!
Found a gate leading back out of this place.
Your skin crawls.
You feel strong-willed.
The orc warrior shoots a bolt.
The bolt misses you.
The orc warrior unwields a +0 arbalest.
The orc warrior hits you.
You hit the orc warrior. You headbutt the orc warrior!
The orc warrior is heavily wounded.
You barely miss the orc warrior.
The orc warrior is heavily wounded.
The orc warrior hits you.
You slash the orc warrior! You headbutt the orc warrior.
You kill the orc warrior!
Trog accepts your kill.
Things that are here:
a +0 arbalest; 24 bolts; a +0 ring mail The orc shouts!
The orc shoots a bolt.
The bolt closely misses you.
The orc shoots a bolt.
The bolt closely misses you.
An orc warrior comes into view. It is wielding a +0 arbalest.
The orc shoots a bolt.
The bolt hits you!
The orc warrior shouts!
The orc warrior shoots a bolt.
The bolt completely misses you.
The orc warrior shoots a bolt.
The bolt hits you!
* * * LOW HITPOINT WARNING * * *
The orc shoots a bolt.
The bolt closely misses you.
You are too injured to fight recklessly!
You are too injured to fight recklessly!
Okay, then.
The orc warrior shoots a bolt.
The bolt hits you!!
You die...

.........# .........#
.........# ..o......#
.........##
..........#
..........##
......o@...##
...≈≈≈≈≈....####
...≈≈#.#.≈......##
#......≈##.∩#≈........
#......≈..^..≈........
#......≈##.##≈........
#......≈≈#)#≈≈........
#.......≈≈≈≈≈.........
#.....................


You could see an orc warrior and an orc.

Vanquished Creatures
  Sigmund (D:3)
  2 orc warriors (Bailey)
  A sky beast (D:5)
  A black bear (D:4)
  2 ogres
  A phantom (D:6)
  A bullfrog (D:6)
  2 kobold brigands
  A water moccasin skeleton (D:6)
  9 killer bees (D:7)
  4 wights (D:7)
  A howler monkey (D:6)
  A centaur zombie (D:6)
  Crazy Yiuf (D:2)
  A hound (D:3)
  2 jellies
  4 centaur skeletons
  2 gnoll shamans
  2 iguanas (D:5)
  A scorpion zombie (D:5)
  Natasha (twice) (D:3)
  2 orc wizards (D:3)
  Robin (D:3)
  16 gnolls
  3 howler monkey skeletons
  6 adders
  2 white imps
  3 ufetubi
  An adder skeleton (D:4)
  14 orcs
  3 bats
  6 endoplasms
  2 giant cockroaches
  8 goblins
  7 hobgoblins
  16 kobolds
  A quokka (D:4)
  8 ball pythons
  A frilled lizard (D:2)
  A goblin skeleton (D:5)
  2 goblin zombies (D:5)
  A hobgoblin zombie (D:5)
  2 kobold zombies (D:5)
  3 orc skeletons (D:5)
  3 rats
154 creatures vanquished.

Vanquished Creatures (others)
  An orc wizard (D:3)
1 creature vanquished.

Grand Total: 155 creatures vanquished

Notes
Turn   | Place    | Note
-------+----------+-------------------------------------------
     0 | D:1      | Borgoz the Minotaur Berserker began the quest for the Orb.
     0 | D:1      | Reached XP level 1. HP: 19/19 MP: 0/0
   481 | D:1      | Reached XP level 2. HP: 24/27 MP: 1/1
   815 | D:2      | Reached skill level 4 in Long Blades
  1295 | D:2      | Found a runed translucent door.
  1296 | D:2      | Noticed Crazy Yiuf
  1450 | D:2      | Reached XP level 3. HP: 25/33 MP: 2/2
  1760 | D:2      | Killed Crazy Yiuf
  1823 | D:3      | Noticed Sigmund
  1884 | D:3      | Reached XP level 4. HP: 35/40 MP: 3/3
  1965 | D:3      | Found a faded altar of an unknown god.
  2089 | D:3      | Reached skill level 5 in Long Blades
  2112 | D:3      | Noticed Natasha
  2119 | D:3      | Killed Natasha
  2120 | D:3      | Reached XP level 5. HP: 30/47 MP: 4/4
  2235 | D:3      | Reached ** piety under Trog
  2572 | D:3      | Noticed Natasha
  2576 | D:3      | Killed Sigmund
  2577 | D:3      | Reached skill level 5 in Fighting
  2577 | D:3      | Reached skill level 6 in Long Blades
  2577 | D:3      | Reached XP level 6. HP: 56/56 MP: 5/5
  2579 | D:3      | Killed Natasha
  2724 | D:3      | Noticed Robin
  2734 | D:3      | Killed Robin
  3126 | D:4      | Reached XP level 7. HP: 61/61 MP: 6/6
  3487 | D:4      | Reached skill level 7 in Long Blades
  3610 | D:4      | Reached skill level 5 in Armour
  3857 | D:4      | Found a staircase to the Ecumenical Temple.
  3928 | Temple   | Entered the Ecumenical Temple
  4043 | D:5      | Entered Level 5 of the Dungeon
  4252 | D:5      | Reached XP level 8. HP: 70/70 MP: 7/7
  4409 | D:5      | Reached *** piety under Trog
  4410 | D:5      | Reached skill level 8 in Long Blades
  4427 | D:5      | Found a glowing golden altar of the Shining One.
  4438 | D:5      | Reached skill level 5 in Dodging
  4976 | D:6      | Reached skill level 9 in Long Blades
  5022 | D:6      | Found an opulent altar of Gozag.
  5032 | D:6      | Found an ancient bone altar of Kikubaaqudgha.
  5034 | D:6      | Found an ornate altar of the Wu Jian Council.
  5331 | D:7      | Reached **** piety under Trog
  5336 | D:7      | Reached XP level 9. HP: 47/79 MP: 8/8
  5396 | D:7      | Reached skill level 10 in Long Blades
  5421 | D:7      | Found a flagged portal.
  5430 | Bailey   | Entered a bailey
  5596 | Bailey   | Shot with a bolt by an orc warrior

Illustrated notes

Levels and vault maps discovered:
D:1:      dpeg_arrival_another_circle, layout_rooms, grunt_decor_resistance,
          dk_noncrumbling_4, minivault_14, hex_tiny, minmay_tetromino_t2
D:2:      layout_basic, minivault_5, uniq_crazy_yiuf_cottage
D:3:      layout_basic, chequers_ecumenical_altar_simple_redux, uniq_robin,
          uniq_natasha, uniq_sigmund
D:4:      layout_basic, temple_hall, minmay_misc_feat_encased,
          eino_small_chamber_without_monster
D:5:      layout_gridville, nicolae_tso_besieged_by_evil
D:6:      layout_rooms, chequers_temple_overflow_statue_of_worship,
          mainiacjoe_overflow_alcove_1
D:7:      minmay_the_grid_triangle_9x9_rhombus_thin
          [minmay_the_grid_triangle_9x9_swiss_cheese,
          minmay_the_grid_triangle_9x9_prize_insulated,
          minmay_the_grid_triangle_9x9_impossible_snake,
          minmay_the_grid_triangle_9x9_from_above], layout_loops_cross,
          eat_drink_and_be_merry_uskayaw, enter_bailey_8,
          kennysheep_pointless_box
Temple:   cyrus_circular_temple
Bailey:   bailey_polearm_2, bailey

Skill      XL: |  1  2  3  4  5  6  7  8  9 |
---------------+----------------------------+-----
Long Blades    | 4 5 6 7 9 10 | 10.2
Fighting       | 4 5 6 7 |  7.7
Armour         | 3 4 5 6 7 |  7.1
Dodging        | 3 4 6 |  6.4

Action                   |  1- 3 |  4- 6 |  7- 9 || total
-------------------------+-------+-------+-------++-------
Melee: Falchion          |    63 |    94 |    44 ||   201
       Headbutt          |     8 |    20 |    54 ||    82
       Long sword        |       |       |   110 ||   110
       Scimitar          |       |       |    44 ||    44
Invok: Berserk           |     1 |     2 |     5 ||     8
       Trog's Hand       |       |     1 |     4 ||     5
Evoke: Wand              |       |       |     5 ||     5
  Use: Scroll            |       |       |     2 ||     2
Armor: Animal skin       |     4 |       |       ||     4
       Ring mail         |    13 |    42 |    81 ||   136
Dodge: Dodged            |    41 |    61 |   127 ||   229
       Rpst.: Falchion   |     7 |    14 |     7 ||    28
       Long sword        |       |       |    19 ||    19
       Scimitar          |       |       |     7 ||     7
